 Dungeon Crawl Stone Soup version 0.30-a0-371-gad7725a93e (webtiles) character file.

Game seed: 14442784638718457667

396 bande the Chopper (level 6, -2/39 HPs)
             Began as a Gargoyle Fighter on Nov 22, 2022.
             Slain by Menkaure (19 damage)
             ... on level 4 of the Dungeon.
             The game lasted 00:06:14 (2802 turns).

bande the Chopper (Gargoyle Fighter)                Turns: 2802, Time: 00:06:15

Health: -2/39      AC: 13    Str: 20      XL:     6   Next: 82%
Magic:  6/6        EV:  9    Int:  8      God:
Gold:   274        SH:  9    Dex:  6 (11) Spells: 5/5 levels left

rFire   + . .      SeeInvis .    a - +0 war axe
rCold   . . .      Faith    .    c - +0 buckler
rNeg    + . .      Spirit   .    b - +0 scale mail
rPois   ∞          Reflect  +    q - +0 helmet
rElec   +          Harm     .    k - +0 cloak
rCorr   .          Rampage  .    (no gloves)
Will    .....                    (no boots)
Stlth   ..........               p - amulet of reflection
HPRegen 0.26/turn                l - ring of protection from fire
MPRegen 0.10/turn                (no ring)

@: no status effects
A: sickness immunity, AC +4, negative energy resistance 1, electricity
resistance, torment resistance 1, petrification resistance
a: no special abilities


You were on level 4 of the Dungeon.
You visited 1 branch of the dungeon, and saw 4 of its levels.

You collected 274 gold pieces.

Inventory:

Hand Weapons
 a - a +0 war axe (weapon)
Armour
 b - a +0 scale mail (worn)
 c - a +0 buckler (worn)
 k - a +0 cloak (worn)
 q - a +0 helmet (worn)
Jewellery
 l - a ring of protection from fire (left hand)
 m - a ring of magical power
 p - an amulet of reflection (around neck)
Wands
 d - a wand of polymorph (4)
 t - a wand of light (11)
Scrolls
 e - a scroll of identify
 r - a scroll of enchant weapon {unknown}
 s - a scroll of magic mapping
 v - a scroll of summoning {unknown}
Potions
 g - a potion of flight
 h - a potion of ambrosia
 i - 2 potions of magic
 j - 3 potions of invisibility
 n - 2 potions of brilliance {unknown}
 o - a potion of curing {unknown}
 u - a potion of cancellation {unknown}


   Skills:
 + Level 4.4 Fighting
 + Level 4.4 Axes
 + Level 4.2 Armour
 - Level 0.2 Stealth
 + Level 4.4 Shields
 * Level 1.2 Evocations


You had 5 spell levels left.
You didn't know any spells.
Your spell library contained the following spells:

 Spells                   Type           Power      Damage    Failure   Level
 Apportation              Tloc           0%         N/A       83%         1
 Freeze                   Ice            0%         1d3       83%         1
 Necrotise                Necr           0%         1d4       83%         1
 Summon Small Mammal      Summ           0%         N/A       83%         1
 Frozen Ramparts          Ice            0%         1d1       99%         3
 Gell's Gravitas          Tloc           0%         N/A       99%         3
 Hailstorm                Conj/Ice       0%         3d3       99%         3
 Teleport Other           Tloc           0%         N/A       99%         3
 Dispersal                Tloc           0%         N/A       100%        6


Dungeon Overview and Level Annotations

Branches:
Dungeon (4/15)
 Temple: D:4-7

Altars:
Fedhas
Uskayaw

Annotations:
D:4 Menkaure


Innate Abilities, Weirdness & Mutations

You are immune to sickness and miasma.
Your stone body is resilient. (AC +4)
You are immune to poison.
You resist negative energy. (rN+)
You are resistant to electric shocks. (rElec)
You are resistant to unholy torment.
You are immune to petrification.


Message History

The phantom is almost destroyed.
The phantom hits you.
The phantom blinks!
You blink.
A dart slug comes into view.
You block the phantom's attack.
Menkaure mumbles some strange words.
Menkaure seems to speed up.
The dart slug moves out of view.
You closely miss the phantom.
The phantom is almost destroyed.
The phantom hits you but does no damage.
You barely miss the phantom.
The phantom is almost destroyed.
Menkaure calls on the powers of darkness!
Your body is wracked with pain!
The phantom hits you but does no damage.
The dart slug launches a dart at you. The slug dart hits you.
The phantom hits you but does no damage.
The dart slug launches a dart at you.
The slug dart reflects off an invisible shield around you!
The slug dart hits the dart slug.
You hit Menkaure.
Menkaure is lightly damaged.
You hit the phantom.
The phantom hits you but does no damage.
Menkaure barely misses you. The phantom hits you.
You slash Menkaure!
Menkaure is heavily damaged.
You closely miss the phantom. You block Menkaure's attack.
Menkaure calls on the powers of darkness!
Your body is wracked with pain!
The dart slug convulses!
The phantom barely misses you.
Unknown command.
You barely miss Menkaure.
Menkaure is heavily damaged.
You slash the phantom!
You destroy the phantom!
You block Menkaure's attack.
Menkaure murmurs in an indecipherable tongue.
Menkaure hits you!!
You die...

>..........
......##............
.......#............
.................... .
...........#.......
..#####.........#...#.#.
...w...........##.....##
##....?.......#.....##
##.##...M@........#...###.
..........................
.............$...........#
.##......#...#.........###
#......##..#.#.......##.
$......#.......###...[....
..#..###.......##........#
. ##. ......>............
. .........##.......


You could see Menkaure (fast) and a dart slug.

Vanquished Creatures
  Eustachio (D:4)
  A phantom (D:4)
  An iguana (D:4)
  An orc priest (D:4)
  Ijyb (D:4)
  3 orc wizards (D:4)
  3 adders
  2 worms
  4 orcs (D:4)
  7 endoplasms
  3 giant cockroaches
  8 goblins
  4 hobgoblins
  3 jackals (D:1)
  5 quokkas
  6 ball pythons
  3 bats
  A frilled lizard (D:3)
  5 kobolds
  12 rats
74 creatures vanquished.

Notes
Turn   | Place    | Note
-------+----------+-------------------------------------------
     0 | D:1      | bande the Gargoyle Fighter began the quest for the Orb.
     0 | D:1      | Reached XP level 1. HP: 14/14 MP: 1/1
   158 | D:1      | Reached XP level 2. HP: 16/19 MP: 2/2
   473 | D:1      | Reached XP level 3. HP: 22/24 MP: 3/3
  1408 | D:3      | Reached XP level 4. HP: 29/29 MP: 4/4
  1716 | D:3      | Found a blossoming altar of Fedhas.
  1721 | D:3      | Found a hide-covered altar of Uskayaw.
  2212 | D:4      | Reached XP level 5. HP: 22/33 MP: 5/5
  2479 | D:4      | Reached XP level 6. HP: 38/38 MP: 6/6
  2488 | D:4      | Noticed Eustachio
  2607 | D:4      | Killed Eustachio
  2608 | D:4      | Reached skill level 1 in Evocations
  2655 | D:4      | Noticed Ijyb
  2671 | D:4      | Killed Ijyb
  2794 | D:4      | Noticed Menkaure
  2802 | D:4      | Slain by Menkaure

Illustrated notes

Levels and vault maps discovered:
D:1:      dpeg_arrival_arbitrary_c, layout_loops_cross, minmay_rat_gold_closets
D:2:      layout_basic
D:3:      layout_loops_ring, jmf_multi_god_temple
D:4:      layout_cave_pools, minmay_rat_hole, uniq_eustachio,
          uniq_blork_the_orc, uniq_menkaure, uniq_ijyb

Skill      XL: |  1  2  3  4  5  6 |
---------------+-------------------+-----
Axes           | 2 3 4 |  4.4
Fighting       | 4 |  4.4
Armour         | 4 |  4.2
Shields        | 4 |  4.4
Evocations     | 1 |  1.2
Stealth        | |  0.2

Action                   |  1- 3 |  4- 6 || total
-------------------------+-------+-------++-------
Melee: War axe           |   123 |   168 ||   291
  Use: Scroll            |     7 |     1 ||     8
       Potion            |       |     3 ||     3
Armor: Scale mail        |    67 |   246 ||   313
       Skin              |       |     7 ||     7
Dodge: Dodged            |    48 |   167 ||   215
Block: Buckler           |    26 |   162 ||   188
       Reflection        |       |     3 ||     3

Table legend: (Time is in decaauts)
 A = Elapsed time spent in this place.
 B = Non-inter-level travel time spent in this place.
 C = Inter-level travel time spent in this place.
 D = Time resting spent in this place.
 E = Time spent auto-exploring this place.
 F = Levels seen in this place.
 G = Mean time per level.
                   A        B        C        D        E       F      G
               +--------+--------+--------+--------+--------+-----+--------+
         Total |   2914 |   2866 |     48 |    311 |   1755 |   4 |  728.5 |
       Dungeon |   2914 |   2866 |     48 |    311 |   1755 |   4 |  728.5 |
               +--------+--------+--------+--------+--------+-----+--------+

Top non-repeatable levels by time:
     D:1: 860 daAuts
     D:3: 811 daAuts
     D:4: 699 daAuts
     D:2: 542 daAuts
